 Dungeon Crawl Stone Soup version 0.29.1-1-gd02db69 (webtiles) character file.

Game seed: 16586282682919131200

286 Timinator the Insei (level 5, -7/41 HPs)
             Began as a Demigod Transmuter on Jan 13, 2023.
             Killed by divine providence
             ... invoked by an orc priest
              (15 damage)
             ... on level 4 of the Dungeon.
             The game lasted 00:11:14 (4256 turns).

Timinator the Insei (Demigod Transmuter)            Turns: 4256, Time: 00:11:14

Health: -7/41      AC:  9    Str: 11    XL:     5   Next: 80%
Magic:  10/10      EV: 11    Int: 15    God:
Gold:   116        SH:  0    Dex: 18    Spells: 5/8 levels left

rFire   . . .      SeeInvis .     - Unarmed
rCold   . . .      Faith    .   (no shield)
rNeg    . . .      Spirit   .   s - +0 ring mail
rPois   .          Reflect  .   (helmet currently unavailable)
rElec   .          Harm     .   (no cloak)
rCorr   .          Rampage  .   (no gloves)
Will    .....                   (boots currently unavailable)
Stlth   +.........              (no amulet)
HPRegen 0.13/turn               q - +4 ring of protection
MPRegen 0.12/turn               (no ring)

@: appendages (expiring), wereblooded, hasted, very quick
A: horns 2, talons 2, high MP 1, forlorn, divine attributes
a: End Transformation


You were on level 4 of the Dungeon.
You had temporarily grown beastly horns and talons.
You visited 1 branch of the dungeon, and saw 4 of its levels.

You collected 185 gold pieces.
You spent 69 gold pieces at shops.

Inventory:

Missiles
 p - 2 atropa-tipped darts (quivered)
Armour
 s - a +0 ring mail (worn)
Jewellery
 q - a +4 ring of protection (left hand)
Wands
 n - a wand of charming (22)
Scrolls
 b - a scroll of brand weapon {unknown}
 f - 2 scrolls of teleportation {unknown}
 g - a scroll of butterflies {unknown}
 h - 3 scrolls of amnesia {unknown}
 i - a scroll of silence {unknown}
 j - 2 scrolls of blinking {unknown}
 m - 2 scrolls of magic mapping
 r - a scroll of vulnerability {unknown}
Potions
 a - a potion of brilliance
 c - 2 potions of attraction


   Skills:
 * Level 2.3 Fighting
 * Level 2.3 Armour
 * Level 2.6 Dodging
 + Level 3.9 Unarmed Combat
 - Level 2.0 Spellcasting
 + Level 2.8 Transmutations


You had 5 spell levels left.
You knew the following spells:

 Your Spells              Type           Power      Damage    Failure   Level
a - Beastly Appendage     Tmut           20%        N/A       16%         1
b - Wereblood             Tmut           10%        N/A       24%         2

Your spell library contained the following spells:

 Spells                   Type           Power      Damage    Failure   Level
 Shock                    Conj/Air       4%         1d3       45%         1
 Slow                     Hex            4%         N/A       45%         1
 Spider Form              Tmut/Pois      5%         N/A       65%         3
 Confusing Touch          Hex            1%         N/A       83%         3
 Swiftness                Air            1%         N/A       83%         3
 Vampiric Draining        Necr           1%         2d6       83%         3
 Ice Form                 Ice/Tmut       5%         N/A       96%         4
 Airstrike                Air            0%         2d(1-17)  99%         4


Dungeon Overview and Level Annotations

Branches:
Dungeon (4/15)
 Temple: D:4-7

Shops:
D:2 :[:*

Annotations:
D:4 Dowan, Duvessa


Innate Abilities, Weirdness & Mutations

You have temporarily grown beastly horns and talons.
You have an increased reservoir of magic. (+10% MP)
You shall have no god before yourself.
Your divine heritage dramatically boosts your attributes as you level up.


Message History

The orc priest is lightly wounded.
The orc priest hits you but does no damage.
You hit the orc priest but do no damage.
You claw the orc priest, but do no damage.
The orc priest is lightly wounded.
The orc priest hits you with a +0 dagger.
Dowan mumbles some strange words.
Dowan blinks!
You hit the orc priest. Your kick misses the orc priest.
The orc priest is heavily wounded.
The orc priest barely misses you. Dowan barely misses you.
You hit the orc priest but do no damage.
The orc priest is heavily wounded.
The orc priest hits you with a +0 dagger.
An endoplasm comes into view.
Dowan hits you with a +5 dagger of flaming.
Dowan burns you.
You hit the orc priest but do no damage.
The orc priest is heavily wounded.
Your transformation is almost over.
Dowan closely misses you.
The orc priest hits you but does no damage.
The orc priest invokes the aid of Beogh against you.
Beogh smites you!
* * * LOW HITPOINT WARNING * * *
You hear a shout!
It was a potion of magic.
Magic courses through your body.
The orc priest casts a cantrip, but nothing happens.
Dowan gestures wildly while chanting.
Dowan blinks!
It was a potion of curing.
You feel better.
You howl as the wereblood boils in your veins!
The orc priest hits you with a +0 dagger.
* * * LOW HITPOINT WARNING * * *
Okay, then.
You feel yourself speed up.
A hobgoblin comes into view.
The orc priest mumbles some strange prayers to Beogh against you.
Beogh smites you!
You die...

.....
.... #
#..#.#
#..#.#
#..#.#
###B...#
#oe[e..#
#o##..##
#@##..#
#.##..#
#.##..#
#.##..#
#.##..#
#.##..#
#e##...
..g


You could see Duvessa, Dowan, an orc priest, an orc, a giant cockroach and a
hobgoblin.

Vanquished Creatures
  A howler monkey (D:3)
  2 orc wizards (D:3)
  Natasha (thrice) (D:3)
  3 gnolls (D:4)
  An adder (D:3)
  3 dart slugs
  6 orcs
  4 ball pythons
  8 endoplasms
  5 giant cockroaches
  7 goblins
  3 hobgoblins
  2 jackals (D:2)
  5 kobolds
  2 quokkas
  6 bats
  4 frilled lizards
  8 rats
73 creatures vanquished.

Vanquished Creatures (others)
  2 plants (D:3)
2 creatures vanquished.

Grand Total: 75 creatures vanquished

Notes
Turn   | Place    | Note
-------+----------+-------------------------------------------
     0 | D:1      | Timinator the Demigod Transmuter began the quest for the
                  | Orb.
     0 | D:1      | Reached XP level 1. HP: 15/15 MP: 5/5
   279 | D:1      | Reached skill level 1 in Fighting
   533 | D:1      | Reached XP level 2. HP: 23/23 MP: 7/7
   536 | D:1      | Learned a level 2 spell: Wereblood
   824 | D:1      | Reached skill level 3 in Unarmed Combat
  1312 | D:2      | Found Heroit's Book Boutique.
  1599 | D:2      | Reached XP level 3. HP: 28/28 MP: 6/8
  1852 | D:2      | Found Ebofog's Armour Emporium.
  1929 | D:2      | Found Dacyonal's Book Boutique.
  1942 | D:2      | Found Hivvuo's Assorted Antiques.
  1949 | D:2      | Bought 3 scrolls labelled BAKHUVYUWO for 69 gold pieces
  2339 | D:3      | Reached skill level 1 in Armour
  2475 | D:3      | Reached XP level 4. HP: 6/36 MP: 9/9
  3435 | D:3      | Noticed Natasha
  3439 | D:3      | Killed Natasha
  3717 | D:3      | Noticed Natasha
  3721 | D:3      | Killed Natasha
  3769 | D:3      | Noticed Natasha
  3775 | D:3      | Killed Natasha
  3776 | D:3      | Reached XP level 5. HP: 29/41 MP: 8/10
  3943 | D:4      | Noticed Dowan
  3948 | D:4      | Noticed Duvessa
  4253 | D:4      | HP: 2/41 [orc priest/divine providence (13)]
  4256 | D:4      | Killed from afar by an orc priest

Illustrated notes

Levels and vault maps discovered:
D:1:      saegor_arrival_simple_a, layout_basic
D:2:      layout_loops_cross, serial_shops, nicolae_shop_advertising_works
          [nicolae_subvault_shop_adworks], shop, shop, shop,
          dreamdust_ecumenical_altar_statues
D:3:      minmay_skewed_foursquare, layout_rooms, lightli_temple_of_fire,
          serial_forest, infiniplex_forest_zigzag_1,
          infiniplex_forest_side_room, infiniplex_forest_straight_3,
          infiniplex_forest_lined_3, infiniplex_forest_straight_4,
          infiniplex_forest_straight_1, infiniplex_forest_lined_2,
          infiniplex_forest_side_room, minmay_fractal_squares_gapless_5,
          uniq_natasha
D:4:      layout_loops_ring, okawaru_altar_gauntlet_db,
          biasface_ghost_orc_armoury, uniq_duvessa, uniq_grinder, uniq_pikel,
          uniq_edmund

Skill      XL: |  1  2  3  4 |
---------------+-------------+-----
Fighting       | 1 2 |  2.3
Dodging        | 2 |  2.6
Spellcasting   | 2 |  2.0
Transmutations | 2 |  2.8
Unarmed Combat | 3 |  3.9
Armour         | 1 2 |  2.3

Action                   |  1- 3 |  4- 6 || total
-------------------------+-------+-------++-------
Melee: Unarmed           |   114 |    87 ||   201
       Kick              |    12 |    18 ||    30
       Headbutt          |    11 |    15 ||    26
       Punch             |     5 |       ||     5
 Cast: Beastly Appendage |    24 |    17 ||    41
       Wereblood         |     2 |     3 ||     5
  Use: Scroll            |     1 |     3 ||     4
       Potion            |     1 |     3 ||     4
 Stab: Sleeping          |     1 |       ||     1
Armor: Robe              |    11 |       ||    11
       Skin              |    21 |       ||    21
       Leather armour    |     6 |    12 ||    18
       Ring mail         |       |    23 ||    23
Dodge: Dodged            |    52 |    51 ||   103
